[Event "Titled Tuesday Blitz May 16 Early 2023"]
[White "Mostbauer, Florian"]
[Black "Mekhitarian, Krikor Sevag"]
[WhiteFideId "1626671"]
[BlackFideId "2107660"]
[WhiteElo "2234"]
[BlackElo "2604"]
[Result "0-1"]
[Round "01"]
[TimeControl "180+2"]
[Date "2023.05.16"]
[WhiteClock "0:00:51"]
[BlackClock "0:00:26"]

1. c4 c5 2. g3 Nc6 3. Bg2 g6 4. e3 Bg7 5. Ne2 Nh6 6. Nbc3 Nf5 7. O-O O-O 8. b3 d6 9. Bb2 Rb8 10. h3 Qd7 11. d3 b6 12. Qd2 Bb7 13. e4 Nfd4 14. Nxd4 Bxd4 15. Ne2 Bxb2 16. Qxb2 e5 17. Qd2 Qe7 18. Kh2 f6 19. Rae1 Rbd8 20. f4 Kg7 21. h4 Bc8 22. Bh3 Bxh3 23. Kxh3 f5 24. Nc3 exf4 25. Rxf4 fxe4 26. Rfxe4 Qd7+ 27. Kh2 Ne5 28. Qe2 Nf3+ 29. Kg2 Nxe1+ 30. Qxe1 Rde8 31. Nd5 Rxe4 32. Qxe4 Qf5 33. Qxf5 Rxf5 34. Nc7 Kf7 35. Nb5 Ke7 36. Nxa7 Kd7 37. Nb5 d5 38. Nc3 dxc4 39. dxc4 Kc6 40. Nd5 Rf7 41. Nc3 Rd7 42. Nd5 b5 43. Kf3 b4 44. Ke4 Ra7 45. Nf6 Rxa2 46. Nxh7 Rb2 47. g4 Rxb3 48. Ng5 Rg3 49. Kf4 Rg1 50. Nf3 Rf1 51. Ke3 b3 52. Nd2 b2 53. Nxf1 b1=Q 54. Nd2 Qc2 55. h5 gxh5 56. gxh5 Qf5 57. Nf3 Qxh5 0-1


[Site "https://www.chess.com"]

[Event "Titled Tuesday Blitz May 16 Early 2023"]
[White "Galchenko, Matvey"]
[Black "Molenda, Marcin"]
[WhiteFideId "24175480"]
[BlackFideId "1173065"]
[WhiteElo "2423"]
[BlackElo "2286"]
[Result "1-0"]
[Round "01"]
[TimeControl "180+2"]
[Date "2023.05.16"]
[WhiteClock "0:00:16"]
[BlackClock "0:00:08"]

1. f4 b6 2. Nf3 Bb7 3. g3 Bxf3 4. exf3 h5 5. h4 Nf6 6. d4 d5 7. Be3 e6 8. Bd3 c5 9. c3 c4 10. Bc2 Nc6 11. Nd2 b5 12. f5 Bd6 13. Kf2 Qc7 14. Rg1 exf5 15. Bxf5 Ne7 16. Bc2 O-O-O 17. b3 Rhe8 18. Bg5 b4 19. cxb4 c3 20. Nf1 Bxb4 21. a3 Ba5 22. Ne3 Bb6 23. b4 Nc6 24. Bf5+ Kb7 25. Nc2 Nxd4 26. Nxd4 Qe5 27. Kg2 Qxd4 28. Qc2 Qc4 29. Bd3 Qc6 30. Rgd1 Be3 31. a4 Bxg5 32. hxg5 Nd7 33. Rac1 d4 34. b5 Qc5 35. Be4+ Kb8 36. a5 Ne5 37. b6 Nc4 38. Qb3 Ne3+ 39. Kh2 Rxe4 40. fxe4 h4 41. bxa7+ Kxa7 42. Qxf7+ Ka8 43. Rb1 hxg3+ 44. Kg1 Qa7 45. Qe6 Rb8 46. Qc6+ Rb7 47. a6 Nxd1 48. Rxb7 d3+ 49. Rxa7+ Kxa7 50. Qb7# 1-0


[Site "https://www.chess.com"]

[Event "Titled Tuesday Blitz May 16 Early 2023"]
[White "Bethke, Richard"]
[Black "Shimanov, Aleksandr"]
[WhiteFideId "12959243"]
[BlackFideId "4198603"]
[WhiteElo "2369"]
[BlackElo "2631"]
[Result "0-1"]
[Round "01"]
[TimeControl "180+2"]
[Date "2023.05.16"]
[WhiteClock "0:00:00"]
[BlackClock "0:00:33"]

1. e4 c6 2. Nf3 d5 3. Nc3 Bg4 4. h3 Bh5 5. exd5 cxd5 6. g4 Bg6 7. Ne5 Nc6 8. d4 e6 9. h4 f6 10. Nxg6 hxg6 11. Bd3 Kf7 12. Be3 Bb4 13. Qd2 Nge7 14. a3 Qa5 15. Ke2 Bxc3 16. Qxc3 Qxc3 17. bxc3 Na5 18. h5 gxh5 19. gxh5 Rac8 20. Bd2 Nc4 21. Rag1 Nxd2 22. Kxd2 f5 23. Rg3 Ng8 24. Rgh3 Rh6 25. Be2 Nf6 26. Bf3 Rc7 27. Rb1 Rh8 28. Rb3 Ne8 29. c4 Rxc4 30. Rxb7+ Rc7 31. Rb4 Nd6 32. c3 Nc4+ 33. Kd3 Nxa3 34. Rh1 Nc4 35. Rhb1 Nd6 36. Ra4 Rhc8 37. Rb3 Nc4 38. Ra6 Nb6 39. Be2 Nc4 40. f4 Ke7 41. Bf3 Nd6 42. Rba3 Nb5 43. R3a5 Rxc3+ 44. Ke2 Rb3 45. Kf2 Rc2+ 46. Be2 Nxd4 47. Rxa7+ Kf6 48. Ra2 Rbb2 0-1


[Site "https://www.chess.com"]

[Event "Titled Tuesday Blitz May 16 Early 2023"]
[White "Zakhartsov, Vladimir"]
[Black "Pham, Le Thao Nguyen"]
[WhiteFideId "4145097"]
[BlackFideId "12401226"]
[WhiteElo "2495"]
[BlackElo "2286"]
[Result "1-0"]
[Round "01"]
[TimeControl "180+2"]
[Date "2023.05.16"]
[WhiteClock "0:00:50"]
[BlackClock "0:00:00"]

1. e4 c6 2. d4 d5 3. exd5 cxd5 4. Bd3 Nc6 5. c3 Qc7 6. h3 g6 7. Qc2 f6 8. Ne2 e5 9. dxe5 fxe5 10. O-O Bg7 11. Na3 a6 12. Qd1 Nge7 13. Ng3 O-O 14. Bc2 Be6 15. Bb3 Qd7 16. Nc2 Rad8 17. Be3 d4 18. Bxe6+ Qxe6 19. cxd4 exd4 20. Bg5 Rd5 21. Bxe7 Qxe7 22. Ne1 Kh8 23. Nd3 Rd7 24. Re1 Qf7 25. Ne4 Qf5 26. Ng3 Qf7 27. Rc1 Qxa2 28. b3 Qa3 29. Nc5 Re7 30. Nge4 Ref7 31. Ne6 Rc8 32. N4g5 Rd7 33. Nc5 Rdc7 34. Nce6 Rd7 35. Qg4 Qd6 36. Nc5 Rdc7 37. Qxc8+ Rxc8 38. Nf7+ 1-0


[Site "https://www.chess.com"]

[Event "Titled Tuesday Blitz May 16 Early 2023"]
[White "Khandelwal, Ankush"]
[Black "Moroni, Luca Jr"]
[WhiteFideId "413470"]
[BlackFideId "865834"]
[WhiteElo "2263"]
[BlackElo "2569"]
[Result "1-0"]
[Round "01"]
[TimeControl "180+2"]
[Date "2023.05.16"]
[WhiteClock "0:01:03"]
[BlackClock "0:00:00"]

1. e4 g6 2. d4 Bg7 3. Nc3 d6 4. Be3 Nf6 5. Qd2 O-O 6. O-O-O c6 7. f3 Qa5 8. Kb1 e5 9. h4 b5 10. h5 b4 11. Nce2 Be6 12. Nc1 exd4 13. Bh6 c5 14. hxg6 1-0


[Site "https://www.chess.com"]

[Event "Titled Tuesday Blitz May 16 Early 2023"]
[White "Durarbayli, Vasif"]
[Black "Khamdamova, Afruza"]
[WhiteFideId "13402935"]
[BlackFideId "14210444"]
[WhiteElo "2551"]
[BlackElo "2312"]
[Result "1-0"]
[Round "01"]
[TimeControl "180+2"]
[Date "2023.05.16"]
[WhiteClock "0:01:00"]
[BlackClock "0:00:18"]

1. e4 e5 2. Nc3 Nf6 3. d4 exd4 4. Qxd4 Nc6 5. Qd3 Bb4 6. Bd2 O-O 7. O-O-O d6 8. Nge2 Ng4 9. Qg3 Bc5 10. Be1 Kh8 11. h3 Nf6 12. f4 Qe8 13. Qf3 b5 14. Bh4 Ng8 15. g4 Bb7 16. Bg2 b4 17. Nd5 a5 18. Nxc7 Qd7 19. Nxa8 Bxa8 20. Bf2 Qe6 21. Kb1 a4 22. Bxc5 dxc5 23. Qe3 c4 24. e5 b3 25. cxb3 axb3 26. axb3 cxb3 27. Bd5 Qe7 28. Nc3 Rb8 29. Ne4 Qb7 30. Nd6 Qa6 31. Nxf7# 1-0


[Site "https://www.chess.com"]

[Event "Titled Tuesday Blitz May 16 Early 2023"]
[White "Ladan, Nicholas"]
[Black "Kamsky, Gata"]
[WhiteFideId "30918855"]
[BlackFideId "2000024"]
[WhiteElo "2167"]
[BlackElo "2660"]
[Result "0-1"]
[Round "01"]
[TimeControl "180+2"]
[Date "2023.05.16"]
[WhiteClock "0:01:12"]
[BlackClock "0:00:58"]

1. d4 Nf6 2. Nf3 g6 3. Nbd2 d5 4. e3 Bg7 5. b4 O-O 6. c4 Nc6 7. b5 Na5 8. c5 Nd7 9. a4 Nxc5 10. Ba3 Ne6 11. Bd3 c6 12. O-O b6 13. bxc6 Nxc6 14. Rc1 Bb7 15. Qe2 Rc8 16. Ba6 Qd7 17. Rc3 Bxa6 18. Qxa6 Nb8 19. Qd3 Rxc3 20. Qxc3 Rc8 21. Qb3 Nd8 22. Qb5 e6 23. Ne5 Qxb5 24. axb5 Nb7 25. Rc1 Rxc1+ 26. Bxc1 a5 27. Ba3 Bf8 28. Nc6 Bxa3 29. Nxb8 Bb4 30. Nd7 Bxd2 31. Nxb6 Nd6 0-1


[Site "https://www.chess.com"]

[Event "Titled Tuesday Blitz May 16 Early 2023"]
[White "Chigaev, Maksim"]
[Black "Martins, Vinicius Tine"]
[WhiteFideId "4108116"]
[BlackFideId "2112884"]
[WhiteElo "2558"]
[BlackElo "2373"]
[Result "1-0"]
[Round "01"]
[TimeControl "180+2"]
[Date "2023.05.16"]
[WhiteClock "0:00:05"]
[BlackClock "0:00:10"]

1. Nf3 Nf6 2. c4 e6 3. g3 b6 4. Bg2 Bb7 5. O-O c5 6. Nc3 Be7 7. d4 cxd4 8. Qxd4 O-O 9. Rd1 d6 10. Bg5 Qc8 11. Rac1 h6 12. Bxf6 Bxf6 13. Qxd6 Rd8 14. Qf4 Rxd1+ 15. Rxd1 Bxc3 16. bxc3 Nd7 17. Ne5 Nxe5 18. Bxb7 Qxb7 19. Qxe5 Rc8 20. Rd4 Qc7 21. Qxc7 Rxc7 22. f4 f6 23. Kf2 Kf7 24. Ke3 Ke7 25. Kd3 Rc5 26. Kc2 e5 27. fxe5 Rxe5 28. e4 Ra5 29. Kb3 Rh5 30. h4 Re5 31. a4 Ke8 32. Kc2 Ke7 33. Kd3 Ra5 34. Rd5 Rxa4 35. c5 bxc5 36. Rxc5 Ra2 37. Rc7+ Kf8 38. c4 g5 39. h5 Ra3+ 40. Kd4 Rxg3 41. Rxa7 Rg1 42. Kd5 Rd1+ 43. Ke6 Rd4 44. Kxf6 Ke8 45. Re7+ Kd8 46. c5 g4 47. e5 Rc4 48. Rg7 Rxc5 49. Rg8+ Kd7 50. Rxg4 Rc6+ 51. Kf7 Rc1 52. Rd4+ Kc7 53. e6 Rf1+ 54. Kg6 Re1 55. Kf6 Rf1+ 56. Ke7 Rf5 57. Rc4+ Kb7 58. Kd6 Rf1 59. e7 1-0


[Site "https://www.chess.com"]

[Event "Titled Tuesday Blitz May 16 Early 2023"]
[White "Onufrienko, Vladislav"]
[Black "Pichot, Alan"]
[WhiteFideId "13804332"]
[BlackFideId "110973"]
[WhiteElo "1814"]
[BlackElo "2573"]
[Result "0-1"]
[Round "01"]
[TimeControl "180+2"]
[Date "2023.05.16"]
[WhiteClock "0:00:02"]
[BlackClock "0:00:32"]

1. e4 c5 2. Nc3 d6 3. d4 cxd4 4. Qxd4 Nc6 5. Qd2 Nf6 6. b3 e6 7. Bb2 Be7 8. O-O-O O-O 9. f3 a6 10. g4 b5 11. Kb1 Bb7 12. h4 Rc8 13. h5 h6 14. g5 hxg5 15. h6 g6 16. h7+ Kh8 17. Qxg5 e5 18. Qh6 Nd4 19. Bd3 Nh5 20. Rxh5 gxh5 21. Qxh5 Qe8 22. Nce2 Nxe2 23. Nxe2 f5 24. Qh3 fxe4 25. fxe4 Qf7 26. Ng3 Rcd8 27. Nf5 Bc8 28. Rg1 Bxf5 29. exf5 Bf6 30. Rg6 d5 31. Qh2 Rde8 32. Bc1 e4 33. Be2 Qe7 34. Qg2 Qe5 35. Rg8+ Rxg8 36. hxg8=Q+ Rxg8 37. Qh2+ Qxh2 0-1


[Site "https://www.chess.com"]

[Event "Titled Tuesday Blitz May 16 Early 2023"]
[White "Hafiz, Arif Abdul"]
[Black "Tifferet, Shaked"]
[WhiteFideId "7104227"]
[BlackFideId "2811529"]
[WhiteElo "2198"]
[BlackElo "2142"]
[Result "1-0"]
[Round "01"]
[TimeControl "180+2"]
[Date "2023.05.16"]
[WhiteClock "0:00:22"]
[BlackClock "0:00:05"]

1. e4 c5 2. Nc3 Nc6 3. f4 e6 4. Nf3 d5 5. Bb5 Ne7 6. exd5 exd5 7. Qe2 Be6 8. Bxc6+ bxc6 9. Na4 Nf5 10. g4 Nd4 11. Nxd4 cxd4 12. f5 Qh4+ 13. Kd1 Bd6 14. fxe6 O-O 15. c4 Rae8 16. exf7+ Kxf7 17. Rf1+ Kg6 18. Qd3+ Re4 19. Rxf8 Bxf8 20. b3 Kg5 21. Kc2 Qxg4 22. Bb2 Bb4 23. a3 Bxd2 24. Qxd2+ Kh5 25. Re1 Rxe1 26. Qxe1 Qf5+ 27. Kc1 dxc4 28. Qe2+ Kg6 29. Bxd4 cxb3 30. Nc5 Qh3 31. Qe4+ Kf7 32. Qf4+ Kg6 33. Qg3+ Qxg3 34. hxg3 Kf5 35. Nxb3 a6 36. Bxg7 Kg4 37. Be5 h5 38. Kc2 Kf5 39. Bb8 Ke4 40. Kc3 Kf3 41. Kc4 Kg4 42. a4 h4 43. gxh4 Kxh4 44. a5 Kg4 45. Nc5 Kf5 46. Nxa6 Ke6 47. Nc5+ Ke7 48. Bg3 Kd8 49. a6 Kc8 50. a7 Kd8 51. Bd6 Ke8 52. a8=Q+ 1-0


[Site "https://www.chess.com"]

[Event "Titled Tuesday Blitz May 16 Early 2023"]
[White "Pinto, Daniel"]
[Black "Mikhailovsky, Vladimir"]
[WhiteFideId "3303144"]
[BlackFideId "34105414"]
[WhiteElo "2145"]
[BlackElo "2271"]
[Result "1-0"]
[Round "01"]
[TimeControl "180+2"]
[Date "2023.05.16"]
[WhiteClock "0:00:04"]
[BlackClock "0:00:02"]

1. Nf3 d6 2. g3 e5 3. Bg2 e4 4. Nd4 f5 5. O-O Nf6 6. d3 d5 7. c4 c5 8. Nc2 d4 9. b4 Nc6 10. bxc5 Bxc5 11. Nd2 O-O 12. dxe4 fxe4 13. Nxe4 Nxe4 14. Bxe4 Bh3 15. Bg2 Qd7 16. Ba3 Bxa3 17. Nxa3 Rf6 18. f4 Re8 19. Rf2 Bxg2 20. Rxg2 Rfe6 21. Nc2 Re4 22. Rb1 Ne7 23. Qd3 Nf5 24. Rb5 b6 25. Rd5 Qe6 26. Nxd4 Nxd4 27. Rxd4 Re3 28. Qd2 h5 29. Rf2 h4 30. f5 Qe5 31. Rxh4 Rc3 32. Rd4 Re3 33. Rd5 Qe4 34. Rd4 Qb1+ 35. Kg2 Qa1 36. f6 gxf6 37. Rg4+ Kf7 38. Qd7+ R8e7 39. Qd5+ R3e6 40. Rgf4 Qe5 41. Qxe5 Rxe5 42. Rxf6+ Ke8 43. Rf8+ Kd7 44. Ra8 Ra5 45. e4 Rxe4 46. Rf7+ Re7 47. Rxe7+ Kxe7 48. h4 Rxa2+ 49. Kh3 a5 50. Rb8 Rb2 51. c5 b5 52. h5 b4 53. h6 Rb1 54. Kg4 Rh1 55. Kg5 Kd7 56. Kg6 Kc6 57. Rc8+ Kb7 58. Rf8 b3 59. Rf3 a4 60. Rf4 Kc6 61. Rxa4 Kxc5 62. Ra3 b2 63. Rb3 b1=Q+ 64. Rxb1 Rxb1 65. h7 Rh1 66. Kg7 Rg1 67. h8=Q Rxg3+ 68. Kf7 Rd3 69. Ke6 Rd6+ 70. Ke7 Rd4 71. Qe5+ Kc4 72. Qa5 Re4+ 73. Kd6 Rd4+ 74. Kc6 Kd3 75. Qa3+ Ke4 76. Kc5 Rd5+ 77. Kc6 Rd4 78. Qc3 Rd3 79. Qc2 Kd4 80. Kb5 Rc3 81. Qb2 Kd3 82. Qb1+ Kd4 83. Qb4+ Kd3 84. Qd6+ Kc2 85. Kb4 Rb3+ 86. Ka4 Rd3 87. Qg6 Kd2 88. Kb4 Re3 89. Qg5 Kd3 90. Qf5+ Kd4 91. Qd7+ Ke4 92. Kc4 Kf4 93. Qf7+ Ke5 94. Qe7+ Kf4 95. Qf6+ Ke4 96. Qd4+ Kf3 97. Kd5 Ke2 98. Qg4+ Kd3 99. Qd1+ Kc3 100. Qd4+ Kc2 101. Qxe3 1-0


[Site "https://www.chess.com"]

[Event "Titled Tuesday Blitz May 16 Early 2023"]
[White "Zherebukh, Yaroslav"]
[Black "Lorenzo De La Riva, Lazaro"]
[WhiteFideId "14116804"]
[BlackFideId "2268809"]
[WhiteElo "2531"]
[BlackElo "2294"]
[Result "1-0"]
[Round "01"]
[TimeControl "180+2"]
[Date "2023.05.16"]
[WhiteClock "0:00:22"]
[BlackClock "0:00:00"]

1. Nf3 Nf6 2. b3 d5 3. Bb2 e6 4. c4 Nbd7 5. g3 Be7 6. Bg2 O-O 7. O-O c6 8. d3 a5 9. a3 b5 10. Nbd2 Bb7 11. Qc2 Qb6 12. e4 Rfc8 13. e5 Ne8 14. Bd4 c5 15. Bb2 a4 16. Rfb1 axb3 17. Qxb3 bxc4 18. dxc4 Qxb3 19. Nxb3 dxc4 20. Nbd2 Nb6 21. Bc1 Ra6 22. Nxc4 Bxf3 23. Nxb6 Rb8 24. Bxf3 Raxb6 25. Rxb6 Rxb6 26. a4 Nc7 27. a5 Ra6 28. Bb7 Ra7 29. a6 Kf8 30. Bd2 Nd5 31. Ba5 c4 32. Rc1 c3 33. Bxc3 Nxc3 34. Rxc3 Bb4 35. Rc7 g6 36. Kg2 Kg7 37. f4 h5 38. h3 Ba5 39. Rc8 Bd2 40. Kf3 Bb4 41. Ke4 Be7 42. g4 Ba3 43. gxh5 gxh5 44. f5 exf5+ 45. Kxf5 h4 46. Rc7 Bc1 47. e6 1-0


[Site "https://www.chess.com"]

[Event "Titled Tuesday Blitz May 16 Early 2023"]
[White "Mrudul Dehankar"]
[Black "JeRoma71"]
[WhiteFideId "25096990"]
[WhiteElo "2139"]
[BlackElo "2844"]
[Result "0-1"]
[Round "01"]
[TimeControl "180+2"]
[Date "2023.05.16"]
[WhiteClock "0:00:00"]
[BlackClock "0:01:07"]

1. e4 e6 2. d4 d5 3. e5 c5 4. c3 Nc6 5. Nf3 Bd7 6. Bd3 Qb6 7. O-O cxd4 8. Re1 Nge7 9. h4 Nf5 10. Bxf5 exf5 11. cxd4 Be6 12. Nc3 h6 13. Na4 Qb5 14. Nc3 Qa6 15. a4 Be7 16. Nb5 Rc8 17. Bd2 O-O 18. Bf4 Nb4 19. Re2 Rc6 20. g3 Rfc8 21. Ne1 Qb6 22. Nd6 Rd8 23. Nb5 a6 24. Nd6 Rc7 25. Rc1 Rxc1 26. Qxc1 Nc6 27. Qc5 Qb4 28. Qxb4 Nxb4 29. Rd2 g5 30. hxg5 hxg5 31. Be3 b6 32. Nd3 a5 33. Nxb4 axb4 34. Rd3 Ra8 35. Rb3 Rxa4 36. Kg2 Kg7 37. Bd2 Kg6 38. Rxb4 Ra6 39. Rb3 Bd8 40. Nb5 Ra4 41. Nc3 Rxd4 42. Be3 Rd3 43. Bxb6 d4 0-1


[Site "https://www.chess.com"]

[Event "Titled Tuesday Blitz May 16 Early 2023"]
[White "Bharath Subramaniyam H"]
[Black "Balla, Tamas-Kristof"]
[WhiteFideId "46634827"]
[BlackFideId "1208497"]
[WhiteElo "2400"]
[BlackElo "2334"]
[Result "1-0"]
[Round "01"]
[TimeControl "180+2"]
[Date "2023.05.16"]
[WhiteClock "0:00:13"]
[BlackClock "0:00:00"]

1. c4 c5 2. Nf3 Nc6 3. Nc3 g6 4. e3 Nf6 5. d4 cxd4 6. exd4 d5 7. cxd5 Nxd5 8. Qb3 Nxc3 9. Bc4 e6 10. bxc3 Bd7 11. Bd3 Na5 12. Qc2 Bg7 13. Ba3 Bf8 14. Bxf8 Kxf8 15. h4 h5 16. O-O Rc8 17. Rac1 b5 18. Ne5 Be8 19. Qe2 a6 20. g3 Kg7 21. a4 Nb3 22. Rc2 bxa4 23. Bxa6 Rc7 24. Bc4 Na5 25. Bd3 Qf6 26. Ra1 Nb3 27. Raa2 g5 28. hxg5 Qxg5 29. Nf3 Qf6 30. Qe5 Qxe5 31. Nxe5 f6 32. Nc4 Bb5 33. Nb2 Bxd3 34. Nxd3 Ra8 35. Nf4 Kf7 36. Nxh5 Rac8 37. Rxa4 Rxc3 38. Rxc3 Rxc3 39. Nf4 e5 40. Ra7+ Kg8 41. dxe5 fxe5 42. Ng6 e4 43. Re7 Nd2 44. Kg2 Rc1 45. Nf4 Re1 46. Nd5 Kf8 47. Re5 Nf3 48. Rf5+ Kg7 49. Nc3 Nd2 50. Re5 1-0


[Site "https://www.chess.com"]

[Event "Titled Tuesday Blitz May 16 Early 2023"]
[White "Hamley, Ryan"]
[Black "Sychev, Klementy"]
[WhiteFideId "30959497"]
[BlackFideId "4114060"]
[WhiteElo "2480"]
[BlackElo "2583"]
[Result "0-1"]
[Round "01"]
[TimeControl "180+2"]
[Date "2023.05.16"]
[WhiteClock "0:00:02"]
[BlackClock "0:00:14"]

1. d4 Nf6 2. Nf3 d5 3. Bf4 c5 4. c3 Nc6 5. e3 Qb6 6. Qb3 c4 7. Qc2 Bf5 8. Qc1 h6 9. h3 e6 10. Nbd2 Be7 11. Be2 O-O 12. O-O Rfc8 13. b3 Qa5 14. bxc4 Ba3 15. Nb3 Qa4 16. Qe1 dxc4 17. Nc5 Bxc5 18. dxc5 Nd5 19. Bd6 b5 20. Nd4 Bg6 21. Bf3 Bd3 22. Be2 Bxe2 23. Nxe2 Qc2 24. Rc1 Qxa2 25. e4 Nf6 26. Nf4 Qa6 27. Ra1 Qb7 28. Qe3 a5 29. Rfb1 b4 30. e5 Ne8 31. Nh5 b3 32. Qg3 a4 33. Nf6+ Kh8 34. Bf8 gxf6 35. exf6 Nd4 36. Bg7+ Kh7 37. cxd4 Qe4 38. Re1 Qg6 39. Qf4 a3 40. Re3 b2 41. Rae1 a2 42. Rg3 b1=Q 43. Rg5 Qxe1+ 0-1


[Site "https://www.chess.com"]

[Event "Titled Tuesday Blitz May 16 Early 2023"]
[White "Salinas Herrera, Pablo"]
[Black "Yurasova, Daria"]
[WhiteFideId "3407128"]
[BlackFideId "34146919"]
[WhiteElo "2546"]
[BlackElo "2109"]
[Result "0-1"]
[Round "01"]
[TimeControl "180+2"]
[Date "2023.05.16"]
[WhiteClock "0:00:00"]
[BlackClock "0:00:07"]

1. e4 e5 2. Nf3 Nc6 3. Bc4 Bc5 4. c3 Nf6 5. d3 d6 6. O-O a6 7. a4 Ba7 8. b4 O-O 9. h3 h6 10. Re1 Ne7 11. Nbd2 Ng6 12. Nf1 Be6 13. Bxe6 fxe6 14. Be3 Bxe3 15. Rxe3 Nf4 16. Kh2 Qe7 17. Ra2 Qf7 18. g3 Ng6 19. Kg2 Nd7 20. N1h2 Qe7 21. Qb3 Rf7 22. d4 Raf8 23. Rd2 Kh7 24. Qc4 c6 25. Qb3 Nf6 26. dxe5 Nxe5 27. Nxe5 dxe5 28. Qd1 c5 29. b5 axb5 30. axb5 c4 31. Nf3 Qc5 32. Rd6 Nxe4 33. Rxe6 Nxf2 34. Qc2+ Nd3 35. R6xe5 Qd6 36. R5e4 Qg6 37. Qe2 Nf4+ 38. Rxf4 Rxf4 39. Re6 R4f6 40. Re3 Qf5 41. h4 Qd5 42. Qc2+ Kh8 43. Qe2 Rd6 44. Kh3 Qf5+ 45. g4 Qf4 46. g5 Qf5+ 47. Kg3 Rd3 48. Rxd3 cxd3 49. Qe3 h5 50. Nd4 Qg4+ 51. Kh2 Qf4+ 52. Qxf4 Rxf4 53. Kg3 Re4 54. Nf3 Re2 55. Ng1 Re8 56. Nf3 g6 57. Kf4 Kg7 58. Kg3 Rf8 59. Nd2 Rd8 60. Kf3 Kf7 61. Ke4 Ke6 62. c4 Rd7 63. Nf3 Ke7 64. Nd2 Kf7 65. Ke5 Ke7 66. c5 Kf7 67. Ke4 Rc7 68. Kd4 Rd7+ 69. Kc4 Ke6 70. c6 bxc6 71. bxc6 Rc7 72. Kc5 Kf5 73. Nc4 Kf4 74. Kd6 Rc8 75. c7 Ke4 76. Kd7 Rf8 77. Nd6+ Ke3 78. Ne8 Rf7+ 79. Ke6 Rxc7 80. Nxc7 d2 81. Kf6 d1=Q 82. Ne6 Qd6 83. Kf7 Qd5 84. Kf6 Qf5+ 85. Ke7 Kf2 86. Ng7 Qe5+ 87. Kf7 Qd6 88. Ne6 Kg3 89. Nf8 Kxh4 90. Nxg6+ Kxg5 91. Nf8 Qf6+ 92. Kg8 h4 93. Nh7+ Kg6 94. Nxf6 Kxf6 0-1


[Site "https://www.chess.com"]

[Event "Titled Tuesday Blitz May 16 Early 2023"]
[White "Jimenez Almeida, Luis David"]
[Black "Rodshtein, Maxim"]
[WhiteFideId "22242244"]
[BlackFideId "2806851"]
[WhiteElo "2245"]
[BlackElo "2555"]
[Result "0-1"]
[Round "01"]
[TimeControl "180+2"]
[Date "2023.05.16"]
[WhiteClock "0:00:35"]
[BlackClock "0:01:25"]

1. e4 e6 2. d4 d5 3. e5 c5 4. c3 Nc6 5. Nf3 Bd7 6. Be2 Nge7 7. Na3 Ng6 8. Nc2 Be7 9. O-O O-O 10. a3 Rc8 11. b4 cxd4 12. cxd4 f6 13. Bb2 Nf4 14. Re1 fxe5 15. dxe5 Qe8 16. Bf1 Qh5 17. Nfd4 Qh6 18. Nxc6 bxc6 19. Bd4 a5 20. bxa5 c5 21. Be3 d4 22. Bd2 Bc6 23. Qg4 Rf5 24. g3 Nh3+ 25. Bxh3 Qxd2 26. Qe2 Qxe2 27. Rxe2 d3 28. Bxf5 exf5 29. Rd2 dxc2 30. Rxc2 Ra8 31. Rb1 Be4 0-1


[Site "https://www.chess.com"]

[Event "Titled Tuesday Blitz May 16 Early 2023"]
[White "Bacrot, Etienne"]
[Black "Turzo, Attila"]
[WhiteFideId "605506"]
[BlackFideId "704954"]
[WhiteElo "2672"]
[BlackElo "2476"]
[Result "1-0"]
[Round "01"]
[TimeControl "180+2"]
[Date "2023.05.16"]
[WhiteClock "0:00:22"]
[BlackClock "0:00:01"]

1. e4 e5 2. Nf3 Nc6 3. Bc4 Nf6 4. d3 Bc5 5. Nc3 h6 6. O-O d6 7. Be3 Bb6 8. a4 Kf8 9. Nd2 g5 10. Nd5 Kg7 11. Nxb6 axb6 12. Re1 Bg4 13. f3 Be6 14. Nf1 Nh5 15. Qd2 Qe7 16. Qc3 Kh7 17. Bb5 Na7 18. Bc4 Nc6 19. d4 Bxc4 20. Qxc4 Nxd4 21. Bxd4 exd4 22. Qxd4 Qe5 23. Qc4 Qc5+ 24. Qxc5 bxc5 25. Ne3 Nf4 26. Kf2 Kg6 27. Red1 Rhd8 28. a5 Ra6 29. Ra3 Rda8 30. Nc4 f6 31. c3 f5 32. b4 cxb4 33. cxb4 fxe4 34. fxe4 b5 35. axb6 Rxa3 36. Nxa3 cxb6 37. Rxd6+ Kg7 38. Nc4 Ra2+ 39. Nd2 Rb2 40. g3 Ng6 41. Rd4 Ne5 42. Ke2 Ng4 43. Rd7+ Kg6 44. Rd6+ Kg7 45. h3 Nf6 46. Rd4 b5 47. e5 Nh5 48. Kf3 Rc2 49. Kg4 Kg6 50. Rd6+ Kg7 51. Kxh5 Rc3 52. Rd7+ 1-0


[Site "https://www.chess.com"]

[Event "Titled Tuesday Blitz May 16 Early 2023"]
[White "Toncheva, Nadya"]
[Black "Visakh N R"]
[WhiteFideId "2924056"]
[BlackFideId "25012223"]
[WhiteElo "2101"]
[BlackElo "2466"]
[Result "1/2-1/2"]
[Round "01"]
[TimeControl "180+2"]
[Date "2023.05.16"]
[WhiteClock "0:01:00"]
[BlackClock "0:00:44"]

1. d4 Nf6 2. c4 e6 3. Nc3 Bb4 4. e3 b6 5. Ne2 c5 6. a3 Ba5 7. Rb1 Na6 8. Bd2 O-O 9. Nf4 Bb7 10. Bd3 cxd4 11. exd4 Bxc3 12. Bxc3 Ne4 13. Qc2 f5 14. O-O Qg5 15. g3 Qh6 16. f3 Nxc3 17. Qxc3 Rae8 18. Rbe1 Nb8 19. d5 g5 20. Ng2 Qg7 21. Qxg7+ Kxg7 22. dxe6 dxe6 23. f4 g4 24. Re3 Kf6 25. Rfe1 Nd7 26. Nh4 Nc5 27. Bxf5 h5 28. Bg6 Re7 29. Re5 Rd8 30. Rxh5 Rd2 31. Rh6 Kg7 32. Rh7+ Kf6 33. Rh6 Kg7 34. Rh7+ Kf6 35. Rh6 1/2-1/2


[Site "https://www.chess.com"]

[Event "Titled Tuesday Blitz May 16 Early 2023"]
[White "Bjerre, Jonas Buhl"]
[Black "Przybylski, Wojciech"]
[WhiteFideId "1444948"]
[BlackFideId "1117599"]
[WhiteElo "2525"]
[BlackElo "2222"]
[Result "0-1"]
[Round "01"]
[TimeControl "180+2"]
[Date "2023.05.16"]
[WhiteClock "0:00:10"]
[BlackClock "0:00:20"]

1. Nf3 Nf6 2. c4 e6 3. d4 b6 4. g3 Ba6 5. Nbd2 d5 6. Bg2 Be7 7. O-O O-O 8. Qc2 c5 9. b3 Nc6 10. Bb2 Rc8 11. dxc5 bxc5 12. Rfd1 d4 13. e3 e5 14. exd4 cxd4 15. a3 Re8 16. b4 e4 17. Nxe4 Nxe4 18. Qxe4 Bxb4 19. Qg4 Bc5 20. Nxd4 Ne5 21. Qh5 g6 22. Qh6 Qf6 23. Rac1 Qxf2+ 24. Kxf2 Ng4+ 25. Kf1 Nxh6 26. Bd5 Ng4 27. Bc6 Ne3+ 28. Ke2 Nxd1+ 29. Kxd1 Bxd4 30. Bxe8 Bxb2 31. Rb1 Rxe8 32. Rxb2 Bxc4 33. Rb7 a6 34. Kd2 h5 0-1


[Site "https://www.chess.com"]

[Event "Titled Tuesday Blitz May 16 Early 2023"]
[White "Ljukin, Sergei"]
[Black "Sokolovsky, Yahli"]
[WhiteFideId "14102200"]
[BlackFideId "2820242"]
[WhiteElo "2312"]
[BlackElo "2389"]
[Result "1-0"]
[Round "01"]
[TimeControl "180+2"]
[Date "2023.05.16"]
[WhiteClock "0:00:05"]
[BlackClock "0:00:05"]

1. e4 d6 2. d4 Nf6 3. Nc3 g6 4. Bg5 Bg7 5. f4 c5 6. e5 cxd4 7. exf6 exf6 8. Qxd4 Nc6 9. Qe3+ Kf8 10. Bh4 Bg4 11. Be2 Qa5 12. O-O-O Be6 13. a3 f5 14. Nf3 h6 15. Rxd6 Re8 16. Qd2 Kg8 17. Re1 Kh7 18. Nd5 Qxd2+ 19. Nxd2 g5 20. fxg5 hxg5 21. Bxg5 Be5 22. Nf6+ Kg6 23. Nxe8 Kxg5 24. Bb5 Bxd6 25. Nxd6 Nd4 26. Nf3+ Nxf3 27. gxf3 Rxh2 28. Nxb7 Bd5 29. Nd6 Rh6 30. Nc4 Bxf3 31. Ne5 Bd5 32. c4 Be6 33. Bd7 Kf6 34. Bxe6 fxe6 35. c5 Rh7 36. c6 f4 37. b4 Kf5 38. b5 Rh3 39. Kb2 f3 40. c7 f2 41. Rf1 Rh8 42. Nc6 Ke4 43. Ne7 Kd3 44. Rxf2 Ke3 45. c8=Q Rxc8 46. Nxc8 Kxf2 47. Nd6 e5 48. Kc3 Ke3 49. Kc4 Kd2 50. a4 Kc2 51. a5 e4 52. Nxe4 1-0


[Site "https://www.chess.com"]